 Dungeon Crawl Stone Soup version 0.20-a0-1089-g3fde505 (webtiles) character file.

4228 MydosGodOfBeginnings the Thaumaturge (level 10, -15/57 HPs)
             Began as a Mummy Summoner on May 3, 2017.
             Was an Elder of Hepliaklqana.
             Killed from afar by a wizard (27 damage)
             ... with a crystal spear
             ... on level 10 of the Dungeon.
             The game lasted 01:07:46 (14957 turns).

MydosGodOfBeginnings the Thaumaturge (MuSu)        Turns: 14957, Time: 01:08:00

Health: -15/57     AC:  7    Str: 12    XL:     10   Next: 9%
Magic:  10/23      EV: 12    Int: 17    God:    Hepliaklqana [****..]
Gold:   386        SH:  5    Dex: 13    Spells: 11/28 levels left

rFire    x . .     SeeInvis .   (no weapon)
rCold    + . .     Gourm    .   q - +0 buckler
rNeg     + + +     Faith    +   u - +1 robe {Archmagi}
rPois    ∞         Spirit   .   (no helmet)
rElec    .         Reflect  .   (no cloak)
rCorr    .         Harm     .   g - +0 pair of gloves
MR       +....                  v - +2 pair of boots
Stlth    ++........             y - amulet of faith
Regen    0.2/turn               p - ring of flight
MPRegen  0.2/turn               (no ring)

@: very slightly contaminated
A: no food or potions, fire vulnerability, reduced essence, cold resistance 1,
negative energy resistance 3, torment resistance, unbreathing
a: Recall Ancestor, Ancestor Identity, Transference, Idealise, Renounce
Religion, Evoke Flight


You were on level 10 of the Dungeon.
You worshipped Hepliaklqana.
Hepliaklqana was greatly pleased with you.
You were not hungry.

You visited 2 branches of the dungeon, and saw 11 of its levels.
You also visited: Sewer and Ossuary.

You collected 503 gold pieces.
You spent 117 gold pieces at shops.

Inventory:

Armour
 a - a +0 robe
 g - a +0 pair of gloves (worn)
 l - the +1 robe "Kuutas" {rCorr}
   (You found it on level 4 of the Dungeon)

   It protects you from acid and corrosion.
 q - a +0 buckler (worn)
 u - a +1 robe of the Archmagi (worn)
 v - a +2 pair of boots (worn)
Jewellery
 p - a ring of flight (left hand)
 y - an amulet of faith (around neck)
 z - an uncursed ring of poison resistance {unknown}
Scrolls
 c - 9 scrolls of teleportation
 d - 3 scrolls of magic mapping
 e - 11 scrolls of remove curse
 f - 2 scrolls of immolation
 h - a scroll of enchant weapon
 j - a scroll of recharging
 k - 4 scrolls of amnesia
 m - 3 scrolls of blinking
 n - 7 scrolls of identify
 o - 4 scrolls of fog {unknown}
 r - a scroll of vulnerability {unknown}
 s - a scroll of noise {unknown}
 t - a scroll of holy word {unknown}
 w - a scroll of torment {unknown}
Books
 b - a book of Callings

   Spells                             Type                      Level
   a - Summon Small Mammal            Summoning                    1
   b - Call Imp                       Summoning                    2
   c - Call Canine Familiar           Summoning                    3
   d - Summon Guardian Golem          Hexes/Summoning              3
   e - Summon Lightning Spire         Summoning/Air                4
   f - Summon Ice Beast               Ice/Summoning                4
 i - a book of Necromancy

   Spells                             Type                      Level
   a - Pain                           Necromancy                   1
   b - Animate Skeleton               Necromancy                   1
   c - Vampiric Draining              Necromancy                   3
   d - Regeneration                   Charms/Necromancy            3
   e - Animate Dead                   Necromancy                   4
   f - Control Undead                 Necromancy                   4
 x - a book of Misfortune

   Spells                             Type                      Level
   a - Confusing Touch                Hexes                        1
   b - Confuse                        Hexes                        3
   c - Gell's Gravitas                Translocation                3
   d - Petrify                        Transmutation/Earth          4
   e - Metabolic Englaciation         Hexes/Ice                    5
   f - Yara's Violent Unravelling     Hexes/Transmutation          5


   Skills:
 + Level 0.8 Fighting
 + Level 2.2 Dodging
 - Level 1.5 Stealth
 - Level 4.7 Shields
 + Level 9.6 Spellcasting
 - Level 1.0 Hexes
 + Level 9.2 Summonings
 * Level 1.2 Ice Magic
 + Level 1.6 Air Magic


You had 11 spell levels left.
You knew the following spells:

 Your Spells              Type           Power        Failure   Level  Hunger
a - Summon Small Mammal   Summ           ####         1%          1    N/A
b - Call Imp              Summ           ######..     1%          2    N/A
c - Call Canine Familiar  Summ           ######..     1%          3    N/A
d - Summon Guardian Gole  Hex/Summ       #####...     3%          3    N/A
e - Summon Lightning Spi  Summ/Air       #####...     10%         4    N/A
f - Summon Ice Beast      Ice/Summ       #####...     10%         4    N/A

Dungeon Overview and Level Annotations

Branches:
Dungeon (10/15)            Temple (1/1) D:4             Orc (0/2) D:9
   Lair: D:8-11

Altars:
Ashenzari
Cheibriados
Dithmenos
Elyvilon
Fedhas
Gozag
Hepliaklqana
Kikubaaqudgha
Makhleb
Nemelex Xobeh
Okawaru
Qazlal
Ru
Sif Muna
Trog
Uskayaw
Vehumet
Wu Jian
Xom
Yredelemnul
Zin
The Shining One
Beogh

Shops:
D:4 [   D:5 (


Innate Abilities, Weirdness & Mutations

You do not eat or drink.
Your flesh is vulnerable to fire.
You are immune to poison.
Your flesh is cold resistant. (rC+)
You are immune to negative energy. (rN+++)
You are immune to unholy pain and torment.
You can survive without breathing.
Your life essence is reduced. (-10% HP)


Message History

The howler monkey skeleton is destroyed!
Your wolf bites the wizard but does no damage.
Casting: Call Canine Familiar
Confirm with . or Enter, or press ? or * to list all spells.
You don't know that spell.
Casting: Call Canine Familiar
Confirm with . or Enter, or press ? or * to list all spells.
You feel a surge of power!
A beastly little devil appears in a puff of frigid air.
The wizard gestures at your wolf while chanting.
The crystal spear hits your wolf.
Your wolf dies!
Your wolf's corpse disappears in a puff of smoke!
Casting: Call Imp
Confirm with . or Enter, or press ? or * to list all spells.
You feel a surge of power!
The wizard shouts!
The wizard casts a spell at you. The crystal spear hits you!
You die...

... ....( .....# ...
..... ....##. ...
...#.#####.......
...#
................
.(.# .........)R5.#
...# ........p§.#
.... .........5.#
.... .###+#....# ...
#.....@..# ..
#.....h..#
#.....##.#
.......##.#
###......#'#########
...................
.
##(.........########
. #.#...........#
#.#...........#


You could see the friendly witchhouse the hexer, a wizard, a friendly warg, a
friendly crimson imp and a friendly white imp.

Vanquished Creatures
  An adder (D:2)
  An ooze (D:3)
  A worm (D:3)
  3 orcs
  2 bats (D:1)
  A giant cockroach (D:3)
  A goblin (D:3)
  A frilled lizard (D:2)
  A rat (Sewer)
12 creatures vanquished.

Vanquished Creatures (collateral kills)
  A wizard (D:10)
  A komodo dragon (D:7)
  Grinder (D:5)
  A hungry ghost (D:10)
  2 water moccasins (D:9)
  A swamp drake (D:9)
  6 orc warriors
  A black bear (D:10)
  A phantom (D:4)
  4 centaurs
  The ghost of theAP the Skirmisher, an amateur GrFi (D:3)
  3 big kobolds (Sewer)
  Blork the orc (D:5)
  4 bullfrogs
  A scorpion (D:5)
  A howler monkey (D:5)
  3 electric eels (D:9)
  3 crimson imps
  A quasit (D:5)
  2 jellies
  13 orc wizards
  A bullfrog skeleton (D:5)
  8 orc priests
  5 centaur skeletons
  5 hounds
  2 iguanas
  8 worker ants
  12 mummies (Ossuary)
  A hound skeleton (D:5)
  A howler monkey zombie (D:9)
  2 howler monkey skeletons
  12 adders
  6 river rats (Sewer)
  An adder skeleton (D:4)
  2 worms
  2 dart slugs
  6 leopard geckos
  44 orcs
  5 ball pythons (Sewer)
  4 giant cockroaches
  5 goblins
  5 hobgoblins
  4 jackals (D:2)
  7 quokkas
  6 bats
  3 frilled lizards
  A gnoll skeleton (Ossuary)
  3 goblin skeletons (Ossuary)
  17 kobolds
  4 orc skeletons (Ossuary)
  21 rats
  11 rat skeletons (Ossuary)
  A spectral orc (D:2)
267 creatures vanquished.

Vanquished Creatures (others)
  The ghost of nht the Quickloader, a novice FoHu of Okawaru (D:7)
  2 orc warriors (D:7)
  4 ancestors
  A hexer (D:7)
8 creatures vanquished.

Grand Total: 287 creatures vanquished

Notes
Turn   | Place    | Note
-------+----------+-------------------------------------------
     0 | D:1      | MydosGodOfBeginnings the Mummy Summoner began the quest for the Orb.
     0 | D:1      | Reached XP level 1. HP: 13/13 MP: 4/4
  1036 | D:1      | Reached XP level 2. HP: 13/19 MP: 3/5
  1283 | D:2      | Learned a level 2 spell: Call Imp
  2255 | D:2      | Reached XP level 3. HP: 24/24 MP: 2/7
  2582 | D:2      | Found a basalt altar of Yredelemnul.
  2868 | D:3      | Learned a level 3 spell: Call Canine Familiar
  3060 | D:3      | Found a faded altar of an unknown god.
  3109 | D:3      | Noticed theAP's ghost (amateur GrFi)
  3443 | D:3      | Found a bloodstained altar of Trog.
  3598 | D:3      | Reached XP level 4. HP: 28/30 MP: 4/9
  3715 | D:3      | Found a white marble altar of Elyvilon.
  3999 | D:3      | Killed theAP's ghost
  4298 | D:4      | Got a sheer robe
  4309 | D:4      | Identified the +1 robe "Kuutas" {rCorr} (You found it on level 4 of the Dungeon)
  4341 | D:4      | Reached XP level 5. HP: 35/35 MP: 10/10
  4468 | D:4      | Noticed a phantom
  4579 | D:4      | Killed a phantom
  4579 | D:4      | Reached skill level 5 in Summonings
  4948 | D:4      | Found a staircase to the Ecumenical Temple.
  5134 | Temple   | Entered the Ecumenical Temple
  5436 | Temple   | Became a worshipper of Hepliaklqana the Forgotten
  5576 | D:4      | Found Siduong's Antique Armour Emporium.
  5747 | D:5      | Entered Level 5 of the Dungeon
  5762 | D:5      | Found a glowing drain.
  5803 | Sewer    | Entered a sewer
  5837 | Sewer    | Reached XP level 6. HP: 37/37 MP: 6/12
  6043 | Sewer    | Reached skill level 5 in Spellcasting
  6568 | D:5      | Reached XP level 7. HP: 42/42 MP: 13/15
  6981 | D:5      | Found Josmig's Weapon Shop.
  6989 | D:5      | Learned a level 3 spell: Summon Guardian Golem
  7020 | D:5      | Noticed Blork the orc
  7032 | D:5      | Killed Blork the orc
  7197 | D:5      | Reached * piety under Hepliaklqana
  7240 | D:5      | Found a blossoming altar of Fedhas.
  7285 | D:5      | Noticed Grinder
  7324 | D:5      | Killed Grinder
  7400 | D:5      | Found a glowing silver altar of Zin.
  8814 | D:6      | Found an iron altar of Okawaru.
  8832 | D:6      | Reached XP level 8. HP: 35/47 MP: 9/18
  8933 | D:7      | Found a snail-covered altar of Cheibriados.
  9223 | D:7      | Found a shattered altar of Ashenzari.
  9252 | D:7      | Noticed a komodo dragon
  9266 | D:7      | Killed a komodo dragon
  9490 | D:7      | Reached ** piety under Hepliaklqana
  9491 | D:7      | Remembered your ancestor witchhouse as a hexer
  9667 | D:7      | Found a burning altar of Makhleb.
  9772 | D:7      | Found a glowing golden altar of the Shining One.
  9984 | D:7      | Noticed nht's ghost (novice FoHu)
 10000 | D:7      | Killed nht's ghost
 10632 | D:7      | Found a runed door.
 10780 | D:7      | Reached XP level 9. HP: 52/52 MP: 21/21
 10870 | D:7      | Learned a level 4 spell: Summon Lightning Spire
 10929 | D:7      | Found a roughly hewn altar of Beogh.
 11065 | D:7      | Reached skill level 1 in Hexes
 11353 | D:4      | Bought a buckler for 117 gold pieces
 11491 | D:8      | Found a sand-covered staircase.
 11529 | D:8      | Reached skill level 1 in Shields
 11542 | Ossuary  | Entered an ossuary
 12006 | Ossuary  | Reached skill level 1 in Air Magic
 12859 | D:8      | Learned a level 4 spell: Summon Ice Beast
 13132 | D:9      | Reached *** piety under Hepliaklqana
 13345 | D:9      | Found a sparkling altar of Nemelex Xobeh.
 13873 | D:9      | Found a staircase to the Orcish Mines.
 14478 | D:10     | Entered Level 10 of the Dungeon
 14720 | D:10     | Reached skill level 1 in Ice Magic
 14758 | D:10     | Reached **** piety under Hepliaklqana
 14793 | D:10     | Reached XP level 10. HP: 57/57 MP: 23/23
 14932 | D:10     | Noticed a wizard
 14943 | D:10     | Noticed a wizard
 14945 | D:10     | Killed a wizard
 14957 | D:10     | Killed from afar by a wizard

Vault maps used:
D:1:      lemuel_arrival_river_bridge
D:2:      yredelemnul_forgotten_temple_becter
D:3:      marbit_many_paths, lightli_temple_of_fire, first_bread,
          chequers_ecumenical_altar_simple
D:4:      minmay_temple_entry_poolview, serial_shops, nicolae_shop_waterfront
D:5:      fedhas_altar_fruit_tree, gup_sewer_entry_glass, serial_shops,
          shop_fountains, basic_altar, uniq_blork_the_orc, uniq_grinder
D:6:      lemuel_coloured_pillars_altar, eino_tiny_chamber
D:7:      cheibriados_altar_1, nicolae_ashenzari_panopticon,
          nicolae_overflow_hidden_temple, nicolae_tso_swordbearing_angel,
          lightli_church_of_beogh
D:8:      cheibrodos_quashed, nicolae_ossuary_entry_plus
D:9:      wad_pebble_path, lemuel_crystal_altar, erik_orc_1
D:10:     minmay_smoke_and_mirrors
Temple:   hc_temple_tempest_star
Sewer:    sewer_minmay_treatment
Ossuary:  ossuary_due_small_catacomb

Skill      XL: |  1  2  3  4  5  6  7  8  9 |
---------------+----------------------------+-----
Spellcasting   | 3 4 5 6 8 9 |  9.6
Summonings     | 4 5 6 7 8 9 |  9.2
Dodging        | 2 |  2.2
Hexes          | 1 |  1.0
Shields        | 4 |  4.7
Air Magic      | 1 |  1.6
Ice Magic      | 1 |  1.2
Fighting       | |  0.8
Stealth        | |  1.5

Action                   |  1- 3 |  4- 6 |  7- 9 | 10-12 || total
-------------------------+-------+-------+-------+-------++-------
Melee: Unarmed           |    21 |    46 |    29 |       ||    96
 Cast: Summon Small Mamm |    43 |       |     1 |       ||    44
       Call Imp          |    38 |    34 |    33 |     2 ||   107
       Call Canine Famil |     1 |    19 |    40 |     4 ||    64
       Summon Guardian G |       |       |    26 |       ||    26
       Summon Lightning  |       |       |     1 |       ||     1
Invok: Recall Ancestor   |       |     2 |     8 |       ||    10
       Ancestor Identity |       |     1 |       |       ||     1
       Ancestor Life: He |       |       |     1 |       ||     1
  Use: Scroll            |       |     8 |     1 |       ||     9
 Stab: Sleeping          |       |     1 |       |       ||     1
       Distracted        |       |     2 |       |       ||     2
       Confused          |       |       |     1 |       ||     1
Armor: Robe              |    20 |    16 |    21 |       ||    57
Dodge: Dodged            |    45 |    42 |    42 |       ||   129
Block: Buckler           |       |       |     1 |       ||     1
